 Dungeon Crawl Stone Soup version 0.22-a0-533-g4d20840 (webtiles) character file.

33 iamserjio the Insei (level 3, 2/19 HPs)
             Began as a Vine Stalker Skald on June 22, 2018.
             Quit the game on level 3 of the Dungeon.
             The game lasted 00:02:48 (250 turns).

iamserjio the Insei (Vine Stalker Skald)             Turns: 250, Time: 00:02:49

Health: 2/19       AC:  5    Str: 13    XL:     3   Next: 29%
Magic:  4/7        EV: 11    Int: 13    God:
Gold:   0          SH:  0    Dex: 14    Spells: 0/6 levels left

rFire    . . .     SeeInvis .   b - +0 club
rCold    . . .     Gourm    .   (no shield)
rNeg     . . .     Faith    .   f - +0 ring mail (curse)
rPois    .         Spirit   +   (no helmet)
rElec    .         Reflect  .   (no cloak)
rCorr    .         Harm     .   (no gloves)
MR       .....                  (no boots)
Stlth    +.........             (no amulet)
HPRegen  0.06/turn              (no ring)
MPRegen  0.10/turn              (no ring)

@: lethally poisoned (2 -> -3), infused
A: fangs 2, magic shield, antimagic bite, no potion heal 3, rot immunity
a: no special abilities


You were on level 3 of the Dungeon.
You were not hungry.

You visited 1 branch of the dungeon, and saw 3 of its levels.

Inventory:

Hand Weapons
 b - a +0 club (weapon)
Missiles
 e - 8 tomahawks (quivered)
Armour
 a - a +0 leather armour
 f - a cursed +0 ring mail (worn)
Scrolls
 d - a scroll of identify {@r1}
 g - 2 scrolls of fear
Comestibles
 c - 2 rations


   Skills:
 + Level 2.3 Fighting
 - Level 0.7 Armour
 - Level 1.5 Dodging
 * Level 3.2 Unarmed Combat
 - Level 2.1 Spellcasting
 - Level 3.0 Charms


You couldn't memorise any spells.
You knew the following spells:

 Your Spells              Type           Power        Failure   Level  Hunger
a - Infusion              Chrm           #...         16%         1    ##.....
b - Regeneration          Chrm/Necr      #.........   65%         3    ####...
c - Song of Slaying       Chrm           #.......     24%         2    ###....

Your spell library contained the following spells:

 Spells                   Type           Power        Failure   Level  Hunger
 Shroud of Golubria       Chrm/Tloc      #.........   41%         2    ###....
 Spectral Weapon          Hex/Chrm       #.......     65%         3    ####...


Dungeon Overview and Level Annotations

Branches:
Dungeon (3/15)

Altars:
Fedhas


Innate Abilities, Weirdness & Mutations

You have extremely sharp teeth.
When hurt, damage is shared between your health and your magic reserves.
Your bite disrupts and absorbs the magic of your enemies.
Potions cannot restore your health.
You are immune to rotting.


Message History

* * * LOW HITPOINT WARNING * * *
The adder bites you but does no damage.
You barely miss the adder.
The adder is moderately wounded.
The adder bites you.
* * * LOW HITPOINT WARNING * * *
You are lethally poisoned!
The adder poisons you! The adder bites you but does no damage.
You aren't carrying any potions.
As you read the scroll labeled UNAHUNETRI, it crumbles to dust.
You assume a fearsome visage.
The adder looks frightened!
The hobgoblin looks frightened!
The giant cockroach looks frightened!
It was a scroll of fear.
* * * LOW HITPOINT WARNING * * *
You feel sick.
The hobgoblin begs for mercy.
As you read the scroll labeled CADUH VOCWELAL, it crumbles to dust.
It is a scroll of identify.
You don't have any unidentified items.
Are you sure you want to abandon this character and quit the game? (Confirm with "yes".)

..... .....# ..# ......
..# ..#.#.## ..#
.##.#..# ..# # #..#.##
..# #..<..####### ..###
#.#.........#####....#
###.###.#####..†@..Ss..#
#...###.# ######.....#
.....##.. #.#g..#
......#### #.#...#
......# ... ...# ......#
.......... .....##
<.........# .....##
...........# ......#
..$g.......


You could see an adder (fleeing), a giant cockroach (fleeing) and a hobgoblin
(fleeing).

Vanquished Creatures
  2 adders
  A worm (D:3)
  An orc (D:3)
  2 giant cockroaches (D:2)
  3 goblins
  A bat (D:1)
  A kobold (D:2)
  A rat (D:3)
12 creatures vanquished.

Notes
Turn   | Place    | Note
-------+----------+-------------------------------------------
     0 | D:1      | iamserjio the Vine Stalker Skald began the quest for the Orb.
     0 | D:1      | Reached XP level 1. HP: 11/11 MP: 4/4
    76 | D:2      | Found a blossoming altar of Fedhas.
    95 | D:2      | Reached XP level 2. HP: 12/15 MP: 3/6
   183 | D:2      | Reached XP level 3. HP: 2/18 MP: 1/7
   213 | D:2      | Learned a level 3 spell: Regeneration
   216 | D:2      | Learned a level 2 spell: Song of Slaying
   250 | D:3      | Quit the game

Vault maps used:
D:1:      minmay_arrival_shattered_statue, solitary_fountain
D:2:      fedhas_altar_3, st_stairs_1
D:3:      nicolae_overflow_crystal_walls, yredelemnul_altar_generic,
          first_ration, small_statue_intersection, uniq_terence

Skill      XL: |  1  2 |
---------------+-------+-----
Fighting       | 2 |  2.3
Unarmed Combat | 3 |  3.2
Armour         | |  0.7
Dodging        | |  1.5
Spellcasting   | |  2.1
Charms         | |  3.0

Action                   || total
-------------------------++-------
Melee: Club              ||    36
       Unarmed           ||     4
       Bite              ||    10
       Punch             ||     1
 Cast: Infusion          ||     8
  Use: Scroll            ||     2
Armor: Leather armour    ||     9
       Ring mail         ||     7
Dodge: Dodged            ||    22

Table legend:
 A = Spawn XP
 B = Non-spawn XP
 C = Spawn XP percentage of total XP
 D = Spawn monster count
 E = Non-spawn monster count
 F = Spawn count percentage of total count
 G = Total turns spent on level
                    A         B        C        D         E        F      G
               +---------+---------+-------+---------+---------+-------+---------
         Total |       0 |      48 |   0.0 |       0 |      12 |   0.0 |   250
               +---------+---------+-------+---------+---------+-------+---------
           D:1 |       0 |       3 |   0.0 |       0 |       2 |   0.0 |    32
           D:2 |       0 |      23 |   0.0 |       0 |       6 |   0.0 |   125
           D:3 |       0 |      22 |   0.0 |       0 |       4 |   0.0 |    93
               +---------+---------+-------+---------+---------+-------+---------
